 Dungeon Crawl Stone Soup version 0.22.1-2-g9c5b331 (webtiles) character file.

79 SilentRunner the Insei (level 4, -1/35 HPs)
             Began as a Draconian Transmuter on Dec 18, 2018.
             Slain by Crazy Yiuf
             ... wielding a +3 quarterstaff of chaos
              (4 damage)
             ... on level 2 of the Dungeon.
             The game lasted 00:15:42 (2293 turns).

SilentRunner the Insei (Draconian Transmuter)       Turns: 2293, Time: 00:15:42

Health: -1/35      AC:  6    Str: 12    XL:     4   Next: 17%
Magic:  0/7        EV: 13    Int: 13    God:
Gold:   135        SH:  0    Dex: 18    Spells: 6/7 levels left

rFire    + . .     SeeInvis .   E - +3 club
rCold    + . .     Gourm    .   (no shield)
rNeg     . . .     Faith    .   (armour unavailable)
rPois    +         Spirit   +   (helmet restricted)
rElec    +         Reflect  .   (no cloak)
rCorr    +         Harm     .   (no gloves)
MR       .....                  D - +0 pair of boots
Stlth    ++........             m - amulet of guardian spirit
HPRegen  0.11/turn              j - +5 ring of dexterity
MPRegen  0.10/turn              (no ring)

@: lethally poisoned (-1 -> -9), appendage (expiring), resistant, hasted, very
quick
A: unfitting armour, horns 2, cold-blooded, AC +5
a: End Transformation


You were on level 2 of the Dungeon.
You were very hungry.
You had grown temporary horns.
You visited 1 branch of the dungeon, and saw 2 of its levels.

You collected 135 gold pieces.

Inventory:

Hand Weapons
 d - a +0 dagger
 h - a +0 club
 i - a +0 short sword
 n - a +0 club
 r - a -1 short sword
 s - a +0 whip
 u - a +0 hand axe
 w - a +0 dagger
 x - a +0 mace
 y - a +0 short sword
 z - a +0 club
 A - a +0 club
 B - a +0 club
 E - a +3 club (weapon)
 H - a +0 dagger
Missiles
 a - 12 arrows
 e - 51 stones (quivered)
 g - 23 sling bullets
 p - 15 bolts
Armour
 b - a +0 leather armour
 t - a cursed +0 robe
 v - a +0 robe
 D - a +0 pair of boots (worn)
 F - a +0 animal skin
 G - a +0 helmet
Jewellery
 j - a +5 ring of dexterity (left hand)
 l - an uncursed amulet of the gourmand
 m - an amulet of guardian spirit (around neck)
Scrolls
 o - a scroll of remove curse
Potions
 C - a potion of curing {unknown}
Comestibles
 c - 5 rations


   Skills:
 + Level 1.5 Fighting
 + Level 1.8 Short Blades
 + Level 0.2 Throwing
 + Level 2.2 Dodging
 + Level 3.9 Unarmed Combat
 + Level 2.1 Spellcasting
 + Level 2.0 Transmutations


You had 6 spell levels left.
You knew the following spells:

 Your Spells              Type           Power        Failure   Level  Hunger
a - Beastly Appendage     Tmut           #.....       11%         1    ##.....

Your spell library contained the following spells:

 Spells                   Type           Power        Failure   Level  Hunger
 Sticks to Snakes         Tmut           #.......     16%         2    ###....
 Spider Form              Tmut/Pois      #.........   45%         3    ####...
 Ice Form                 Ice/Tmut       #.......     86%         4    #####..
 Blade Hands              Tmut           #.........   96%         5    ######.


Dungeon Overview and Level Annotations

Branches:
Dungeon (2/15)

Altars:

Annotations:
D:2 Crazy Yiuf


Innate Abilities, Weirdness & Mutations

Your plain brown scales are hard. (AC +5)
You cannot fit into any form of body armour.
You are cold-blooded and may be slowed by cold attacks.
You have a pair of horns on your head.


Message History

You grow a pair of large bovine horns.
Your transformation is almost over.
* * * LOW HITPOINT WARNING * * *
You feel sick. Crazy Yiuf misses you.
You hit Crazy Yiuf.
Crazy Yiuf is lightly wounded.
* * * LOW HITPOINT WARNING * * *
You feel sick. Crazy Yiuf barely misses you.
You hit Crazy Yiuf.
You headbutt Crazy Yiuf, but do no damage.
Crazy Yiuf is lightly wounded.
* * * LOW HITPOINT WARNING * * *
You feel sick.
Crazy Yiuf hits you with a quarterstaff of chaos!
* * * LOW HITPOINT WARNING * * *
It was a potion of haste.
You feel yourself speed up.
* * * LOW HITPOINT WARNING * * *
You feel sick.
Crazy Yiuf hits you with a quarterstaff of chaos.
You die...

#)..# #...# ........## ... ##
.........# #'# ####### ###.
......... #.## #.....####...
........### ##.# #####........
........#.# #.## ##........#.
..........# ##g# ##...####.###
..........# ##@## #....###..###
..........# ##...# #.........#..
..........# #....# ##.####.#.#.#
.......#.## #....# #.# ##.#.#.#
.........#####....# #.# #..#...#
.................## #.###....###
....<...#.........# #.##...#..#
........#.......#.####.#...###.#
........<.......#.........## #.#


You could see Crazy Yiuf.

Vanquished Creatures
  Robin (D:2)
  An adder (D:2)
  An ooze (D:1)
  2 worms (D:2)
  A leopard gecko (D:2)
  3 giant cockroaches
  17 goblins
  3 hobgoblins
  3 jackals (D:1)
  5 bats
  3 frilled lizards
  3 kobolds (D:1)
  5 rats
48 creatures vanquished.

Notes
Turn   | Place    | Note
-------+----------+-------------------------------------------
     0 | D:1      | SilentRunner the Draconian Transmuter began the quest for
                  | the Orb.
     0 | D:1      | Reached XP level 1. HP: 16/16 MP: 3/3
   258 | D:1      | Reached XP level 2. HP: 7/23 MP: 5/5
  1013 | D:1      | Reached XP level 3. HP: 26/28 MP: 4/6
  1566 | D:2      | Noticed Robin
  1648 | D:2      | Reached skill level 1 in Short Blades
  1876 | D:2      | Killed Robin
  1876 | D:2      | Reached XP level 4. HP: 12/35 MP: 2/7
  1887 | D:2      | HP: 1/35 [goblin/club[Robin] (2)]
  2275 | D:2      | Found a runed door.
  2279 | D:2      | Noticed Crazy Yiuf
  2293 | D:2      | Slain by Crazy Yiuf

Skill      XL: |  1  2  3 |
---------------+----------+-----
Dodging        | 2 |  2.2
Short Blades   | 1 |  1.8
Fighting       | |  1.5
Throwing       | |  0.2
Unarmed Combat | |  3.9
Spellcasting   | |  2.1
Transmutations | |  2.0

Action                   |  1- 3 |  4- 6 || total
-------------------------+-------+-------++-------
Melee: Dagger            |    39 |       ||    39
       Tailslap          |    33 |     4 ||    37
       Short sword       |   115 |    17 ||   132
       Punch             |     1 |       ||     1
       Headbutt          |     2 |     1 ||     3
       Kick              |     2 |       ||     2
       Club              |       |     3 ||     3
Throw: Stone             |    38 |       ||    38
 Cast: Beastly Appendage |     3 |     1 ||     4
  Use: Scroll            |     2 |       ||     2
       Potion            |     1 |     3 ||     4
  Eat: Chunk             |     1 |       ||     1
       Ration            |     1 |       ||     1
Armor: Skin              |    71 |    13 ||    84
Dodge: Dodged            |   145 |    27 ||   172
